 Dungeon Crawl Stone Soup version 0.32-a0-128-g77eb882913 (webtiles) character file.

Game seed: 1488203741276393066

149 CowFu the Ruffian (level 5, 0/40 HPs)
             Began as a Draconian Shapeshifter on Feb 7, 2024.
             Was a Follower of Okawaru.
             Slain by an orc
             ... wielding a +0 flail
              (3 damage)
             ... on level 4 of the Dungeon.
             The game lasted 00:06:02 (2225 turns).

CowFu the Ruffian (Draconian Shapeshifter)          Turns: 2225, Time: 00:06:02

Health: 0/40       AC:  5    Str: 18    XL:     5   Next: 9%
Magic:  6/6        EV:  8    Int: 11    God:    Okawaru [*.....]
Gold:   139        SH: 10    Dex: 10    Spells: 4/4 levels left

rFire   . .          .
                       - Unarmed
rCold   . . .        t - +0 tower shield
rNeg    . . .        (body armour unavailable)
rPois   .            (helmet currently unavailable)
rElec   .            (cloak currently unavailable)
rCorr   .            (gloves currently unavailable)
SInv    .            (boots currently unavailable)
Will    .....        (no amulet)
Stlth   +            (no ring)
HPRegen 0.26/turn    (no ring)
MPRegen 0.10/turn

%: no passive effects
@: lethally poisoned (0 -> -6), beast-form, attractive
A: beast (slay +1), AC +5, unfitting armour, cold-blooded
a: Begin Untransformation, Renounce Religion, Heroism


You were on level 4 of the Dungeon.
You worshipped Okawaru.
Okawaru was aware of your devotion.
You were a hulking beast.
You visited 1 branch of the dungeon, and saw 4 of its levels.

You collected 139 gold pieces.

Inventory:

Armour
 j - a +0 pair of boots
 t - a +0 tower shield (worn)
Talismans
 b - a beast talisman
 c - a flux talisman
Wands
 r - a wand of flame (6)
Scrolls
 f - 3 scrolls of identify {unknown}
 g - a scroll of immolation {unknown}
 h - 2 scrolls of silence {unknown}
 i - 2 scrolls of teleportation {unknown}
 o - 2 scrolls of amnesia {unknown}
 p - 2 scrolls of fog {unknown}
 q - a scroll of blinking {unknown}
 s - a scroll of enchant armour {unknown}
 v - a scroll of fear {unknown}
Potions
 a - a potion of lignification
 d - a potion of enlightenment {unknown}
 e - a potion of mutation {unknown}
 k - a potion of attraction
 l - 2 potions of curing {unknown}
 m - a potion of invisibility {unknown}
 n - 4 potions of might {unknown}
 u - a potion of haste {unknown}


   Skills:
 + Level 1.4 Fighting
 + Level 2.0 Dodging
 + Level 0.5 Shields
 + Level 5.1 Unarmed Combat
 + Level 2.2 Invocations
 - Level 3.0 Shapeshifting


You had 4 spell levels left.
You didn't know any spells.
Your spell library contained the following spells:

 Spells                   Type           Power      Damage    Failure   Level
 Blink                    Tloc           0%         N/A       99%         2
 Ensorcelled Hibernation  Hex/Ice        0%         N/A       99%         2
 Lesser Beckoning         Tloc           0%         N/A       99%         2
 Momentum Strike          Conj/Tloc      0%         3d8       99%         2
 Passwall                 Erth           0%         N/A       100%        3
 Swiftness                Air            0%         N/A       100%        3


Dungeon Overview and Level Annotations

Branches:
Dungeon (4/15)
 Temple: D:4-7

Altars:
Kikubaaqudgha
Makhleb
Okawaru
Ru
Trog
Wu Jian
The Shining One

Annotations:
D:4 Sigmund


Innate Abilities, Weirdness & Mutations

You are a hulking beast.
Your limbs bulge with bestial killing power. (Slay +1)
Your plain brown scales are hard. (AC +5)
You cannot fit into any form of body armour.
You are cold-blooded and may be slowed by cold attacks.


Message History

* * * LOW HITPOINT WARNING * * *
The orc hits you with a +0 hand axe.
* * * LOW HITPOINT WARNING * * *
The scorpion stings you but does no damage.
You are too injured to fight recklessly!
You are too injured to fight recklessly!
You are too injured to fight recklessly!
Okay, then.
The orc hits you with a +0 hand axe.
* * * LOW HITPOINT WARNING * * *
The scorpion attacks as it pursues you! The scorpion closely misses you.
The orc attacks as it pursues you! The orc barely misses you.
The scorpion stings you.
* * * LOW HITPOINT WARNING * * *
You block the orc's attack. You block the scorpion's attack.
You hit the scorpion but do no damage.
Your tail-slap misses the scorpion.
The scorpion barely misses you. The orc barely misses you.
You closely miss the scorpion.
The scorpion stings you but does no damage.
You block the orc's attack. You block the scorpion's attack.
You hit the scorpion.
The scorpion is lightly wounded.
The scorpion stings you.
* * * LOW HITPOINT WARNING * * *
You are lethally poisoned!
The scorpion poisons you! The orc hits you but does no damage.
You closely miss the orc.
Your tail-slap misses the orc.
* * * LOW HITPOINT WARNING * * *
You feel very sick. The scorpion stings you.
* * * LOW HITPOINT WARNING * * *
You block the orc's attack. You block the scorpion's attack.
The orc barely misses you.
It was a potion of attraction.
You feel attractive to monsters.
* * * LOW HITPOINT WARNING * * *
You feel sick. You block the scorpion's attack.
The orc hits you with a +0 flail.
You die...

##### ### ##...# ##.###
#ho..# ....#######s..#
#######.###.##.#....####
#..#.#>.#.......)......#
.................).##...#
.......#..#.##......#..##
.....####.#....#..#....#
.....# .[##......#..###
.....# #..........#..#


You could see a scorpion and an orc.

Vanquished Creatures
  4 adders
  4 gnolls (D:3)
  A dart slug (D:3)
  2 ribbon worms (D:4)
  4 orcs
  6 endoplasms
  2 giant cockroaches
  3 goblins
  3 hobgoblins
  5 jackals
  7 kobolds
  2 quokkas
  3 ball pythons
  8 bats
  4 frilled lizards
  10 rats
68 creatures vanquished.

Notes
Turn   | Place    | Note
-------+----------+-------------------------------------------
     0 | D:1      | CowFu the Draconian Shapeshifter began the quest for the
                  | Orb.
     0 | D:1      | Reached XP level 1. HP: 16/16 MP: 1/1
    74 | D:1      | Reached XP level 2. HP: 18/23 MP: 2/2
   253 | D:1      | Found a faded altar of an unknown god.
   293 | D:1      | Prayed at the altar of an unknown god.
   293 | D:1      | Became a worshipper of Warmaster Okawaru
   293 | D:1      | Reached * piety under Okawaru
   450 | D:1      | Reached skill level 1 in Invocations
   722 | D:2      | Reached XP level 3. HP: 27/28 MP: 3/3
   755 | D:2      | Reached skill level 4 in Unarmed Combat
  1228 | D:3      | Found a burning altar of Makhleb.
  1233 | D:3      | Found a glowing golden altar of the Shining One.
  1235 | D:3      | Found an ancient bone altar of Kikubaaqudgha.
  1235 | D:3      | Found an ornate altar of the Wu Jian Council.
  1245 | D:3      | Found a bloodstained altar of Trog.
  1387 | D:3      | HP: 1/28 [gnoll/+0 halberd (11)]
  1394 | D:3      | Reached XP level 4. HP: 12/35 MP: 5/5
  1610 | D:3      | Reached skill level 5 in Unarmed Combat
  1992 | D:4      | Noticed Sigmund
  1993 | D:4      | Found a sacrificial altar of Ru.
  1997 | D:4      | Noticed a scorpion
  2143 | D:4      | Reached XP level 5. HP: 37/40 MP: 6/6
  2225 | D:4      | Slain by an orc

Illustrated notes

Levels and vault maps discovered:
D:1:      mainiacjoe_arrival_reflecting_pool, layout_rooms,
          ebering_ecumenical_altar_petrified
D:2:      layout_rooms
D:3:      layout_basic, minitemple, grunt_ministairs_14
D:4:      layout_cave_pools, nicolae_ru_awakened_eye, uniq_sigmund

Skill      XL: |  1  2  3  4 |
---------------+-------------+-----
Invocations    | 1 2 |  2.2
Unarmed Combat | 4 5 |  5.1
Dodging        | 2 |  2.0
Fighting       | |  1.4
Shields        | |  0.5
Shapeshifting  | |  3.0

Action                     |  1- 3 |  4- 6 || total
---------------------------+-------+-------++-------
  Melee: Unarmed           |   114 |    67 ||   181
         Tailslap          |     8 |     8 ||    16
         Punch             |     1 |       ||     1
    Use: Potion            |     1 |     2 ||     3
 Armour: Skin              |    76 |    50 ||   126
  Dodge: Dodged            |    82 |    30 ||   112
  Block: Tower shield      |       |    35 ||    35

Table legend: (Time is in decaauts)
 A = Elapsed time spent in this place.
 B = Non-inter-level travel time spent in this place.
 C = Inter-level travel time spent in this place.
 D = Time resting spent in this place.
 E = Time spent auto-exploring this place.
 F = Levels seen in this place.
 G = Mean time per level.
                   A        B        C        D        E       F      G
               +--------+--------+--------+--------+--------+-----+--------+
         Total |   2227 |   2114 |    113 |      0 |   1475 |   4 |  556.8 |
       Dungeon |   2227 |   2114 |    113 |      0 |   1475 |   4 |  556.8 |
               +--------+--------+--------+--------+--------+-----+--------+

Top non-repeatable levels by time:
     D:3: 843 daAuts
     D:1: 580 daAuts
     D:2: 538 daAuts
     D:4: 264 daAuts
